 Dungeon Crawl Stone Soup version 0.28-a0-239-g68911e0c57 (webtiles) character file.

Game seed: 17647502049690791860

61 siradein the Unweaver (level 3, -3/29 HPs)
             Began as a Demonspawn Abyssal Knight on Aug 24, 2021.
             Was a Follower of Lugonu.
             Succumbed to a gnoll's poison
             ... on level 2 of the Dungeon.
             The game lasted 00:03:45 (2003 turns).

siradein the Unweaver (Demonspawn Abyssal Knight)   Turns: 2003, Time: 00:03:46

Health: -3/29      AC:  3    Str: 13    XL:     3   Next: 83%
Magic:  6/6        EV: 11    Int: 13    God:    Lugonu [*.....]
Gold:   163        SH:  0    Dex: 12    Spells: 2/2 levels left

rFire   . . .      SeeInvis .   h - +0 flail
rCold   . . .      Faith    .   (no shield)
rNeg    . . .      Spirit   .   b - +0 leather armour
rPois   .          Reflect  .   (no helmet)
rElec   .          Harm     .   (no cloak)
rCorr   .          Rampage  .   (no gloves)
Will    .....                   (no boots)
Stlth   +.........              (no amulet)
HPRegen 0.09/turn               (no ring)
MPRegen 0.10/turn               (no ring)

@: lethally poisoned (-3 -> -20)
A: demonic guardian 1
a: Renounce Religion, Depart the Abyss


You were on level 2 of the Dungeon.
You worshipped Lugonu.
Lugonu was aware of your devotion.
You visited 1 branch of the dungeon, and saw 2 of its levels.
You visited the Abyss 1 time.

You collected 163 gold pieces.

Inventory:

Hand Weapons
 h - a +0 flail (weapon)
Armour
 b - a +0 leather armour (worn)
Scrolls
 a - a scroll of torment {unknown}
 d - a scroll of amnesia {unknown}
 e - 3 scrolls of identify {unknown}
 f - a scroll of fog {unknown}
 i - a scroll of teleportation {unknown}
Potions
 g - a potion of brilliance {unknown}
Miscellaneous
 c - a box of beasts


   Skills:
 - Level 3.0 Fighting
 + Level 3.0 Maces & Flails
 - Level 1.7 Armour
 - Level 0.8 Dodging
 + Level 4.2 Invocations


You had 2 spell levels left.
You didn't know any spells.
Your spell library contained the following spells:

 Spells                   Type           Power      Damage    Failure   Level
 Gell's Gravitas          Tloc           0%         N/A       75%         3
 Teleport Other           Tloc           0%         N/A       75%         3
 Dispersal                Tloc           0%         N/A       100%        6


Dungeon Overview and Level Annotations

Branches:
Dungeon (2/15)

Altars:


Innate Abilities, Weirdness & Mutations

A weak demonic guardian rushes to your aid.


Message History

The gnoll hits you from afar with a +0 halberd of venom.
The worm bites you but does no damage. The gnoll closely misses you.
You hit the worm.
The worm is moderately wounded.
The gnoll hits you from afar with a +0 halberd of venom.
You hit the worm.
The worm is moderately wounded.
The worm barely misses you. The gnoll closely misses you.
You thump the worm!
The worm is severely wounded.
The gnoll misses you. The worm bites you but does no damage.
The gnoll closely misses you. The gnoll barely misses you.
You hit the gnoll.
The gnoll is moderately wounded.
The gnoll closely misses you. x2
You completely miss the gnoll.
The gnoll is moderately wounded.
The gnoll completely misses you.
You barely miss the gnoll.
The gnoll is moderately wounded.
The gnoll closely misses you.
You hit the gnoll but do no damage.
The gnoll is moderately wounded.
The gnoll hits you with a +0 halberd of venom.
You are poisoned.
You hit the gnoll.
The gnoll is moderately wounded.
You feel very sick.
The gnoll hits you with a +0 halberd of venom!
Ouch! That really hurt!
* * * LOW HITPOINT WARNING * * *
A demonic guardian appears!
You are more poisoned.
You are too injured to fight recklessly!
You are too injured to fight recklessly!
You sock the gnoll!
You kill the gnoll!
Lugonu accepts your kill.
You die...

#..# # #.#.##.#### #..#
#. #.#.#.....# #..# #.
#.#.#..##.# #..#
#..#.#.#...#.#
#..###..#.#........
#.w..#..†...#.#^#.#
##g#.##.#.#.#.#....
#)#.#....#.....#.#
#@#.#..#.#######.#
#5#...............
#.###..#.####.##.#
#.......<.....##.#
#########.#######.###.#
......................#
########.########.#####
#.########.#
#..........#


You could see a worm, a hobgoblin and a friendly white imp (summoned).

Vanquished Creatures
  2 gnolls
  4 dart slugs (D:1)
  2 ball pythons (D:1)
  3 endoplasms (D:1)
  4 giant cockroaches (D:1)
  2 goblins (D:1)
  5 kobolds
  2 quokkas (D:1)
  2 frilled lizards (D:1)
  5 rats
31 creatures vanquished.

Vanquished Creatures (collateral kills)
  2 gnolls
2 creatures vanquished.

Grand Total: 33 creatures vanquished

Notes
Turn   | Place    | Note
-------+----------+-------------------------------------------
     0 | Abyss:1  | siradein the Demonspawn Abyssal Knight began the quest for
                  | the Orb.
     0 | Abyss:1  | Reached XP level 1. HP: 18/18 MP: 2/2
    85 | Abyss:2  | Noticed a chaos spawn
    87 | D:1      | Escaped the Abyss
   202 | D:1      | Reached * piety under Lugonu
   303 | D:1      | Reached skill level 3 in Invocations
   303 | D:1      | Gained mutation: A weak demonic guardian rushes to your
                  | aid. [demonic ancestry]
   303 | D:1      | Reached XP level 2. HP: 16/24 MP: 2/4
   631 | D:1      | HP: 1/24 [gnoll (7)]
  1000 | D:1      | Reached XP level 3. HP: 28/29 MP: 5/5
  1151 | D:1      | Reached skill level 4 in Invocations
  1323 | D:1      | Found a faded altar of an unknown god.
  2003 | D:2      | Succumbed to a gnoll's poison

Illustrated notes

Levels and vault maps discovered:
D:1:      dpeg_arrival_rhombi, layout_loops_ring, basic_ecumenical_altar
D:2:      layout_basic, uniq_natasha

Skill      XL: |  1  2  3 |
---------------+----------+-----
Maces & Flails | 2 3 |  3.0
Invocations    | 3 4 |  4.2
Fighting       | |  3.0
Armour         | |  1.7
Dodging        | |  0.8

Action                   || total
-------------------------++-------
Melee: Mace              ||    53
       Flail             ||    51
Invok: Depart the Abyss  ||     1
Armor: Leather armour    ||    22
Dodge: Dodged            ||    69

Table legend: (Time is in decaauts)
 A = Elapsed time spent in this place.
 B = Non-inter-level travel time spent in this place.
 C = Inter-level travel time spent in this place.
 D = Time resting spent in this place.
 E = Time spent auto-exploring this place.
 F = Levels seen in this place.
 G = Mean time per level.
                   A        B        C        D        E       F      G
               +--------+--------+--------+--------+--------+-----+--------+
         Total |   2034 |   2005 |     29 |    232 |   1317 |   4 |  508.5 |
       Dungeon |   1944 |   1915 |     29 |    232 |   1317 |   2 |  972.0 |
         Abyss |     90 |     90 |      0 |      0 |      0 |   2 |   45.0 |
               +--------+--------+--------+--------+--------+-----+--------+

Top non-repeatable levels by time:
     D:1: 1788 daAuts
     D:2: 156 daAuts
 Abyss:2: 74 daAuts
 Abyss:1: 15 daAuts
